 Dungeon Crawl Stone Soup version 0.28.0 (webtiles) character file.

Game seed: 1631996664910868574

35 issech the Cudgeller (level 3, -3/36 HPs)
             Began as a Troll Monk on Feb 19, 2022.
             Slain by Grinder (9 damage)
             ... on level 3 of the Dungeon.
             The game lasted 00:05:07 (1641 turns).

issech the Cudgeller (Troll Monk)                   Turns: 1641, Time: 00:05:08

Health: -3/36      AC:  4    Str: 19    XL:     3   Next: 16%
Magic:  2/2        EV: 10    Int:  6    God:
Gold:   42         SH:  0    Dex: 14    Spells: 2/2 levels left

rFire   . . .      SeeInvis .   a - +0 mace
rCold   . . .      Faith    .   (no shield)
rNeg    . . .      Spirit   .   b - +0 robe
rPois   .          Reflect  .   (helmet restricted)
rElec   .          Harm     .   (no cloak)
rCorr   .          Rampage  .   (gloves unavailable)
Will    .....                   (boots unavailable)
Stlth   ++........              (no amulet)
HPRegen 0.92/turn               (no ring)
MPRegen 0.08/turn               (no ring)

@: no status effects
A: large, unfitting armour, claws 3, regeneration 1, shaggy fur 1, tough skin 1
a: no special abilities


You were on level 3 of the Dungeon.
You visited 1 branch of the dungeon, and saw 3 of its levels.

You collected 42 gold pieces.

Inventory:

Hand Weapons
 a - a +0 mace (weapon)
Missiles
 c - 37 stones (quivered)
 i - 15 arrows
Armour
 b - a +0 robe (worn)
 h - a scarf of invisibility
Scrolls
 d - 3 scrolls of identify {unknown}
 f - a scroll of fear {unknown}
Potions
 e - a potion of degeneration {unknown}
 g - 2 potions of magic {unknown}
 j - a potion of heal wounds {unknown}
 k - a potion of lignification {unknown}


   Skills:
 + Level 2.7 Fighting
 + Level 3.1 Maces & Flails
 + Level 2.8 Dodging
 + Level 1.1 Stealth


You had 2 spell levels left.
You didn't know any spells.
Your spell library contained the following spells:

 Spells                   Type           Power      Damage    Failure   Level
 Corpse Rot               Necr/Air       0%         N/A       58%         2
 Dispel Undead            Necr           0%         3d6       99%         4
 Death Channel            Necr           0%         N/A       100%        6


Dungeon Overview and Level Annotations

Branches:
Dungeon (3/15)

Altars:

Annotations:
D:3 Grinder


Innate Abilities, Weirdness & Mutations

You are too large for most types of armour.
You have claws for hands.
Your natural rate of healing is unusually fast.
You are covered in fur. (AC +1)
You have tough skin. (AC +1)


Message History

Grinder says, "Wait up."
Grinder blinks!
The goblin hits you but does no damage. x2
The goblin hits you with a +0 club. Grinder gestures at you.
You shrug off the repeated paralysis!
You can move again.
You hit Grinder.
Grinder is heavily wounded.
The goblin hits you but does no damage. Grinder gestures at you.
You resist with significant effort.
You closely miss Grinder.
Grinder is heavily wounded.
The goblin barely misses you. Grinder hits you!
You writhe in agony.
The goblin hits you with a +0 club.
You closely miss Grinder.
Grinder is heavily wounded.
Grinder hits you but does no damage. The goblin hits you but does no damage.
You completely miss Grinder.
Grinder is heavily wounded.
Grinder barely misses you. The goblin hits you but does no damage.
Grinder hits you but does no damage.
You hit Grinder.
Grinder is heavily wounded.
The goblin hits you but does no damage. Grinder hits you.
You writhe in agony.
You hit Grinder.
Grinder is severely wounded.
The goblin barely misses you. Grinder barely misses you.
The goblin barely misses you.
You hit Grinder but do no damage.
Grinder is severely wounded.
Grinder gestures at you. Pain shoots through your body!
* * * LOW HITPOINT WARNING * * *
The goblin hits you with a +0 club.
* * * LOW HITPOINT WARNING * * *
Unknown command.
Grinder hits you!
You die...

#.........
#.........#
#.........
#.........
#.........
#...[.....
#....#
#<...# .
#..@5# ..
#†...# ...
#†.g†# ..r.
+....# ...?.
#...)#......
#...........
#####.....^.
..g##+#
.....


You could see Grinder and a goblin.

Vanquished Creatures
  An adder (D:3)
  3 dart slugs
  An orc (D:3)
  An endoplasm (D:2)
  2 giant cockroaches
  4 hobgoblins
  A ball python (D:1)
  A bat (D:3)
  2 frilled lizards (D:2)
  2 kobolds (D:1)
  A rat (D:3)
19 creatures vanquished.

Vanquished Creatures (others)
  5 plants (D:2)
5 creatures vanquished.

Grand Total: 24 creatures vanquished

Notes
Turn   | Place    | Note
-------+----------+-------------------------------------------
     0 | D:1      | issech the Troll Monk began the quest for the Orb.
     0 | D:1      | Reached XP level 1. HP: 22/22 MP: 0/0
   343 | D:1      | Found a faded altar of an unknown god.
  1083 | D:1      | Reached XP level 2. HP: 29/29 MP: 1/1
  1291 | D:2      | Noticed an ogre
  1310 | D:2      | Reached skill level 3 in Maces & Flails
  1607 | D:3      | Reached XP level 3. HP: 34/36 MP: 2/2
  1612 | D:3      | Noticed Grinder
  1630 | D:3      | Paralysed by Grinder for 4 turns
  1641 | D:3      | Slain by Grinder

Illustrated notes

Levels and vault maps discovered:
D:1:      sevenhm_arrival_forest_fort_small_6, layout_basic,
          ebering_ecumenical_altar_hall, minivault_27
D:2:      layout_loops_ring, serial_bayou_pond_a
D:3:      layout_basic, uniq_sigmund, uniq_grinder

Skill      XL: |  1  2 |
---------------+-------+-----
Maces & Flails | 3 |  3.1
Fighting       | |  2.7
Dodging        | |  2.8
Stealth        | |  1.1

Action                   || total
-------------------------++-------
Melee: Mace              ||    83
 Stab: Sleeping          ||     3
Armor: Robe              ||    40
Dodge: Dodged            ||    58
